 Dungeon Crawl Stone Soup version 0.30.0-20-g3615ddf2f0 (webtiles) character file.

Game seed: 14890158607103751804

795 qw the Chopper (level 7, -5/44 HPs)
             Began as a Gargoyle Fighter on June 1, 2023.
             Killed from afar by a steam dragon (17 damage)
             ... with a ball of steam
             ... on level 6 of the Dungeon.
             The game lasted 00:01:59 (3929 turns).

qw the Chopper (Gargoyle Fighter)                   Turns: 3929, Time: 00:01:59

Health: -5/44      AC: 15    Str: 21    XL:     7   Next: 89%
Magic:  7/7        EV:  8    Int:  9    God:
Gold:   298        SH:  4    Dex:  9    Spells: 6/6 levels left

rFire   . . .        a - +2 war axe
rCold   . . .        c - +0 buckler
rNeg    + . .        s - +0 chain mail
rPois   inf          i - +0 helmet
rElec   +            (no cloak)
rCorr   .            (no gloves)
SInv    .            (no boots)
Will    .....        e - amulet of faith Stlth
                     (no ring)
HPRegen 0.27/turn    (no ring)
MPRegen 0.10/turn

%: faith
@: no status effects
A: sickness immunity, AC +4, negative energy resistance 1, electricity
resistance, torment resistance 1, petrification resistance
a: no special abilities


You were on level 6 of the Dungeon.
You visited 1 branch of the dungeon, and saw 6 of its levels.

You collected 298 gold pieces.


Innate Abilities, Weirdness & Mutations

You are immune to sickness and miasma.
Your stone body is resilient. (AC +4)
You are immune to poison.
You resist negative energy. (rN+)
You are resistant to electric shocks. (rElec)
You are resistant to unholy torment.
You are immune to petrification.


   Skills:
 - Level 5.3 Fighting
 + Level 7.0 Axes
 - Level 3.2 Armour
 - Level 1.0 Dodging
 - Level 3.2 Shields


You had 6 spell levels left.
You didn't know any spells.
Your spell library was empty.

Inventory:

Hand Weapons
 a - a +2 war axe (weapon)
 n - a +2 vampiric whip
Armour
 c - a +0 buckler (worn)
 i - a +0 helmet (worn)
 o - a +2 robe of resistance
 s - a +0 chain mail (worn)
Jewellery
 e - an amulet of faith (around neck)
 f - an amulet of guardian spirit
 h - a ring of fire
 j - a ring of ice
Scrolls
 b - a scroll of vulnerability {unknown}
 k - 3 scrolls of identify
Potions
 d - 2 potions of might
 g - 2 potions of heal wounds
 l - a potion of haste
 m - a potion of cancellation

Dungeon Overview and Level Annotations

Branches:
Dungeon (6/15)
 Temple: D:4-7

Altars:
Ashenzari
Fedhas
Wu Jian


Message History

The steam dragon moves out of view.
3923 ||| Stepping ~*~*~tactically~*~*~ (cloud).
You enter the shallow water.
Moving in this stuff is going to be slow.
The fungus is engulfed in a cloud of scalding steam.
The fungus begins to die.
The fungus is engulfed in a cloud of scalding steam.
The fungus begins to die.
The fungus is engulfed in a cloud of scalding steam. x2
A nearby fungus withers and dies.
The fungus is engulfed in a cloud of scalding steam.
The steam dragon breathes steam at you. The ball of steam hits you!
You hit the fungus.
The fungus is lightly damaged.
You are engulfed in a cloud of scalding steam.
A nearby fungus withers and dies. x4
The fungus is engulfed in a cloud of scalding steam.
The fungus begins to die.
A nearby fungus withers and dies.
The steam dragon breathes steam at you. The ball of steam hits you.
The fungus is engulfed in a cloud of scalding steam.
The steam dragon barely misses you. x2
You hit the steam dragon.
The steam dragon is lightly wounded.
You slash the steam dragon!
You are engulfed in a cloud of scalding steam.
The steam dragon barely misses you.
The steam dragon claws you but does no damage.
The steam dragon bites you! The steam dragon claws you.
You barely miss the steam dragon.
The steam dragon is moderately wounded.
You hit the steam dragon.
The steam dragon bites you but does no damage.
The steam dragon closely misses you. The steam dragon bites you.
The steam dragon claws you. You block the steam dragon's attack.
The steam dragon claws you but does no damage.
The steam dragon breathes steam at you. The ball of steam hits you!
You die... ## P~P

#### P... ########...
.....#########^PP..PPP~.
...~~.D@¤.~P............
......D¤......P~P.P...~.
....~.^.¤..#######^...P.
P.P~~#######.....###~PP.
#~~## #.##.######## ##
#.##.# #.# #.##.# #.#
#.##.# #.# #.##<# #.#


You could see 2 steam dragons.

Vanquished Creatures
  A sky beast (D:3)
  A centaur (D:5)
  A phantom (D:4)
  4 wights
  A hound (D:5)
  A jelly (D:4)
  A sleepcap (D:4)
  2 iguanas (D:5)
  An orc wizard (D:5)
  8 adders
  A shadow imp (D:5)
  A worm (D:4)
  2 dart slugs (D:3)
  7 orcs
  7 ball pythons
  4 bats
  9 endoplasms
  7 giant cockroaches
  9 goblins
  3 hobgoblins
  2 jackals (D:2)
  3 quokkas
  A frilled lizard (D:1)
  8 kobolds
  8 rats
93 creatures vanquished.

Notes
Turn   | Place    | Note
-------+----------+-------------------------------------------
     0 | D:1      | qw the Gargoyle Fighter began the quest for the Orb.
     0 | D:1      | Reached XP level 1. HP: 14/14 MP: 1/1
     0 | D:1      | 0 ||| qw: Version: 0.2-a-102-gdf20003
     0 | D:1      | 0 ||| qw: Game counter: 763
     0 | D:1      | 0 ||| qw: Always use a shield: true
     0 | D:1      | 0 ||| qw: God list: Okawaru
     0 | D:1      | 0 ||| qw: Allow faded altars: false
     0 | D:1      | 0 ||| qw: Do Orc after D:15 true
     0 | D:1      | 0 ||| qw: Do second Lair branch before Depths: true
     0 | D:1      | 0 ||| qw: Lair rune preference: random
     0 | D:1      | 0 ||| qw: Plans: Normal, Zot:1-4, Slime:5, God:TSO, Crypt,
                  | Tomb, Pan, Hells, Abyss, Win
     0 | D:1      | 0 ||| PLANNING D:1-11
    56 | D:1      | Reached skill level 2 in Axes
    98 | D:1      | Reached XP level 2. HP: 19/19 MP: 2/2
   164 | D:1      | Reached skill level 3 in Axes
   224 | D:1      | Reached XP level 3. HP: 23/23 MP: 3/3
   558 | D:1      | Found an ornate altar of the Wu Jian Council.
   564 | D:1      | 564 ||| READING scroll labelled RAVVAR BANOHOK.
   565 | D:1      | 565 ||| READING scroll labelled BUEDDA CAAR.
   569 | D:1      | 569 ||| READING scroll labelled RAZIZU KOIFIN.
   796 | D:2      | Reached XP level 4. HP: 28/28 MP: 4/4
   822 | D:2      | Found a blossoming altar of Fedhas.
   835 | D:2      | 835 ||| Stepping ~*~*~tactically~*~*~ (stealth).
   880 | D:2      | Found a faded altar of an unknown god.
   934 | D:2      | 934 ||| Stepping ~*~*~tactically~*~*~ (stealth).
   935 | D:2      | 935 ||| Stepping ~*~*~tactically~*~*~ (stealth).
   943 | D:2      | Reached skill level 4 in Axes
   995 | D:2      | 995 ||| UPGRADING to +1 hat.
  1000 | D:2      | 1000 ||| UPGRADING to +0 helmet.
  1010 | D:2      | 1010 ||| DROPPING +1 hat.
  1011 | D:2      | 1011 ||| READING scroll labelled DUPSILAUSM.
  1180 | D:3      | 1180 ||| Stepping ~*~*~tactically~*~*~ (stealth).
  1325 | D:3      | 1325 ||| UPGRADING to amulet of guardian spirit.
  1777 | D:3      | Noticed a sky beast
  1793 | D:3      | Killed a sky beast
  1794 | D:3      | Reached skill level 5 in Axes
  1794 | D:3      | Reached XP level 5. HP: 29/32 MP: 3/5
  1837 | D:3      | 1837 ||| Stepping ~*~*~tactically~*~*~ (stealth).
  1998 | D:3      | 1998 ||| READING 2 scrolls labelled XYTHRE XAEFULUZXEGH.
  1999 | D:3      | 1999 ||| DRINKING 3 fizzy dark potions.
  2000 | D:3      | 2000 ||| DRINKING 2 yellow potions.
  2001 | D:3      | 2001 ||| DROPPING scroll of fear.
  2023 | D:4      | Noticed a phantom
  2043 | D:4      | Killed a phantom
  2044 | D:4      | Reached XP level 6. HP: 39/39 MP: 6/6
  2218 | D:4      | 2218 ||| DROPPING +0 whip.
  2413 | D:4      | Reached skill level 1 in Dodging
  2619 | D:4      | 2619 ||| UPGRADING to amulet of faith.
  2629 | D:4      | 2629 ||| READING scroll labelled FONEGUU QUMOE.
  2630 | D:4      | 2630 ||| READING scroll labelled CUBOPN ASOOGU.
  2631 | D:4      | 2631 ||| DRINKING 2 clear potions.
  2632 | D:4      | 2632 ||| READING 4 scrolls of identify.
  2632 | D:4      | 2632 ||| IDENTIFYING ruby potion
  2633 | D:4      | 2633 ||| READING 3 scrolls of identify.
  2633 | D:4      | 2633 ||| IDENTIFYING blue potion
  2634 | D:4      | 2634 ||| DROPPING potion of brilliance.
  2657 | D:5      | Entered Level 5 of the Dungeon
  2902 | D:5      | Reached skill level 6 in Axes
  2902 | D:5      | Reached XP level 7. HP: 44/44 MP: 7/7
  3137 | D:5      | 3137 ||| Stepping ~*~*~tactically~*~*~ (stealth).
  3138 | D:5      | 3138 ||| Stepping ~*~*~tactically~*~*~ (stealth).
  3139 | D:5      | 3139 ||| Stepping ~*~*~tactically~*~*~ (stealth).
  3146 | D:5      | Found a broken altar of Ashenzari.
  3338 | D:5      | 3338 ||| DRINKING potion of curing.
  3338 | D:5      | 3338 ||| (to cure confusion)
  3496 | D:5      | 3496 ||| UPGRADING to +0 chain mail.
  3506 | D:5      | 3506 ||| DROPPING +0 scale mail.
  3507 | D:5      | 3507 ||| READING 2 scrolls labelled JIARGHU ORPHUFU.
  3608 | D:5      | 3608 ||| READING 2 scrolls labelled EKIQAFISID.
  3609 | D:5      | 3609 ||| READING scroll labelled QIURROI HOTAUT.
  3610 | D:5      | 3610 ||| READING 5 scrolls of identify.
  3610 | D:5      | 3610 ||| IDENTIFYING fuming red potion
  3611 | D:5      | 3611 ||| READING 4 scrolls of identify.
  3611 | D:5      | 3611 ||| IDENTIFYING fizzy grey potion
  3612 | D:5      | 3612 ||| DROPPING potion of degeneration.
  3613 | D:5      | 3613 ||| DROPPING scroll of silence.
  3614 | D:5      | 3614 ||| DROPPING scroll of magic mapping.
  3615 | D:5      | 3615 ||| DROPPING potion of magic.
  3641 | D:6      | 3641 ||| STAIRDANCE
  3684 | D:5      | 3684 ||| SWAPPING to +2 war axe.
  3685 | D:5      | 3685 ||| DROPPING +1 war axe.
  3695 | D:6      | Reached skill level 7 in Axes
  3771 | D:6      | 3771 ||| Stepping ~*~*~tactically~*~*~ (stealth).
  3921 | D:6      | Noticed a steam dragon
  3922 | D:6      | Noticed a steam dragon
  3923 | D:6      | 3923 ||| Stepping ~*~*~tactically~*~*~ (cloud).
  3929 | D:6      | Killed from afar by a steam dragon

Levels and vault maps discovered:
D:1:      dpeg_arrival_water_altar, layout_rooms, kennysheep_nondescript
D:2:      layout_rooms, shapermc_ecumenical_altar_acropolis, basic_altar
D:3:      layout_basic, grunt_ministairs_5, nicolae_eternal_life, minmay_between
D:4:      layout_loops_ring
D:5:      layout_basic, mainiacjoe_overflow_small_starburst
D:6:      kennysheep_steamy, layout_loops_ring, minmay_temple_entry_sparse_star

Skill      XL: |  1  2  3  4  5  6  7 |
---------------+----------------------+-----
Axes           | 2 3 5 6 7 |  7.0
Fighting       | 4 5 |  5.3
Dodging        | 1 |  1.0
Armour         | |  3.2
Shields        | |  3.2

Action                     |  1- 3 |  4- 6 |  7- 9 || total
---------------------------+-------+-------+-------++-------
  Melee: War axe           |    91 |   140 |    54 ||   285
    Use: Scroll            |     3 |     6 |     5 ||    14
         Potion            |       |     3 |     1 ||     4
 Armour: Scale mail        |    59 |    75 |    16 ||   150
         Chain mail        |       |       |    17 ||    17
  Dodge: Dodged            |    38 |    61 |    28 ||   127
  Block: Buckler           |    24 |    16 |     6 ||    46

Table legend:
 A = Non-vault XP
 B = Vault XP
 C = Vault XP percentage of total XP
 D = Non-vault monster count
 E = Vault monster count
 F = Vault count percentage of total count
                 A         B        C        D         E       F
            +---------+---------+-------+---------+---------+-------
      Total |    1119 |      17 |   1.5 |      85 |       8 |   8.6
            +---------+---------+-------+---------+---------+-------
        D:1 |      39 |       0 |   0.0 |      24 |       0 |   0.0
        D:2 |      65 |       0 |   0.0 |      17 |       0 |   0.0
        D:3 |     156 |      17 |   9.8 |      11 |       8 |  42.1
        D:4 |     212 |       0 |   0.0 |      15 |       0 |   0.0
        D:5 |     427 |       0 |   0.0 |      15 |       0 |   0.0
        D:6 |     220 |       0 |   0.0 |       3 |       0 |   0.0
            +---------+---------+-------+---------+---------+-------
